 Dungeon Crawl Stone Soup version 0.28-a0-595-g9f6c0e134a (webtiles) character file.

Game seed: 6617712320310467789

633 robertstho the Magician (level 7, 0/50 HPs)
             Began as a Djinni Fire Elementalist on Oct 4, 2021.
             Slain by an orc warrior (21 damage)
             ... on level 5 of the Dungeon.
             The game lasted 00:06:24 (5537 turns).

robertstho the Magician (Djinni Fire Elementalist)  Turns: 5537, Time: 00:06:25

Health: 0/50       AC:  3    Str:  7    XL:     7   Next: 78%
Gold:   33         EV: 12    Int: 18    God:
                   SH:  0    Dex: 14

rFire   + + .      SeeInvis .   j - +1 dagger (speed)
rCold   x . .      Faith    .   (no shield)
rNeg    . . .      Spirit   .   a - +0 robe
rPois   ∞          Reflect  .   p - +0 helmet
rElec   .          Harm     .   (no cloak)
rCorr   .          Rampage  .   (no gloves)
Will    .....                   (boots unavailable)
Stlth   ++........              (no amulet)
HPRegen 0.16/turn               (no ring)
MPRegen 0.00/turn               (no ring)

@: flying
A: sickness immunity, fire resistance 2, cold vulnerability 1, float, innate
caster, hp casting, extra vitality 1
a: no special abilities


You were on level 5 of the Dungeon.
You visited 1 branch of the dungeon, and saw 5 of its levels.
You also visited: Sewer.

You collected 150 gold pieces.
You spent 117 gold pieces at shops.

Inventory:

Hand Weapons
 j - a +1 dagger of speed (weapon)
Armour
 a - a +0 robe (worn)
 p - a +0 helmet (worn)
Scrolls
 c - a scroll of fear
 d - a scroll of holy word
 i - 2 scrolls of enchant weapon
 l - a scroll of teleportation {unknown}
Potions
 b - a potion of ambrosia {unknown}
 e - 2 potions of resistance {unknown}
 f - a potion of berserk rage {unknown}
 g - a potion of mutation {unknown}
 h - a potion of attraction {unknown}
 k - 2 potions of curing {unknown}
 m - a potion of haste {unknown}
 n - a potion of might
 o - a potion of heal wounds


   Skills:
 * Level 3.1 Fighting
 + Level 2.2 Dodging
 + Level 2.0 Stealth
 * Level 5.8 Spellcasting


You couldn't memorise any spells.
You knew the following spells:

 Your Spells              Type           Power      Damage    Failure   Level
a - Foxfire               Conj/Fire      100%       2x1d9     1%          1
b - Scorch                Fire           52%        2d8       1%          2
c - Conjure Flame         Conj/Fire      26%        6-21      3%          3
d - Inner Flame           Hex/Fire       26%        N/A       3%          3
e - Flame Wave            Conj/Fire      26%        3d6       11%         4
f - Pain                  Necr           100%       1d9       1%          1
g - Poisonous Vapours     Pois/Air       52%        N/A       1%          2
h - Dazzling Flash        Conj/Hex       52%        N/A       3%          3
Your spell library was empty.

Dungeon Overview and Level Annotations

Branches:
Dungeon (5/15)              Sewer (visited)
 Temple: D:4-7

Altars:
Hepliaklqana

Shops:
D:4 !


Innate Abilities, Weirdness & Mutations

You are immune to sickness and miasma.
You are immune to poison.
Your flesh is very heat resistant. (rF++)
You are vulnerable to cold. (rC-)
You float through the air rather than walking.
You learn spells naturally, not from books.
Your magical power is your life essence.
You have superior vitality. (+4 HP)


Message History

Unknown command.
Casting: Scorch (safe; 1% risk of failure)
Confirm with . or Enter, or press ? or * to list all spells.
The spell is quite dangerous to cast (11% risk of failure)!
Continue anyway? [Y]es or [N]o only, please.
The spell is quite dangerous to cast (11% risk of failure)!
Continue anyway?
Okay, then.
Casting: Flame Wave (quite dangerous; 11% risk of failure)
Confirm with . or Enter, or press ? or * to list all spells.
The spell is quite dangerous to cast (11% risk of failure)!
Continue anyway?
Casting: Flame Wave (quite dangerous; 11% risk of failure)
Press: ? - help, Dir - look around, f - activate A wave of flame ripples out!
The flame wave engulfs the iguana.
The iguana is burned terribly!
The iguana is severely wounded. (Press . to intensify the flame waves.)
The iguana bites you but does no damage.
A wave of flame ripples out!
The flame wave engulfs the iguana!
The iguana is burned terribly!
You kill the iguana!
The flame wave engulfs the hound!
The hound is burned terribly!
You kill the hound!
You hear an angry hiss.
Your Fighting skill increases to level 3!
A wave of flame ripples out!
The flame wave engulfs the orc warrior!
The orc warrior is burned terribly!
The orc warrior is heavily wounded.
You finish channelling waves of flame.
Unknown command.
Casting: Flame Wave (dangerous; 11% risk of failure)
Confirm with . or Enter, or press ? or * to list all spells.
Flames lash the orc warrior.
The orc warrior is burned terribly!
The orc warrior is severely wounded.
The orc warrior hits you with a +0 scimitar!
Casting: Scorch (safe; 1% risk of failure)
Confirm with . or Enter, or press ? or * to list all spells.
Flames lash the orc warrior but do no damage.
The orc warrior is no longer more vulnerable to fire.
The orc warrior hits you with a +0 scimitar!!
You die...

#......######## #...#
#......# #.#.# #.######
##.#.## #.# #..#..# ..#
##.###.## ..# ###..#
#..### ..# ####...##
##...#### ..#
###....###...###....####
..#
.....)..@o..⌠..(####.....
###
####....###...###....####
# ####...# ##...#### #
###.. #..### # #.###.## #
..#..# # #.#.## #
.#....#.#.# #
.......#...#


You could see an orc warrior.

Vanquished Creatures
  2 phantoms
  2 bullfrogs (Sewer)
  A howler monkey (D:4)
  A hound (D:5)
  A bullfrog skeleton (D:5)
  An iguana (D:5)
  A hound skeleton (D:4)
  4 gnolls (D:2)
  7 adders
  5 worms
  2 dart slugs (D:4)
  3 orcs (D:5)
  14 endoplasms
  11 giant cockroaches
  4 goblins
  4 hobgoblins
  10 jackals
  5 kobolds
  10 quokkas
  13 ball pythons
  4 bats (D:2)
  6 frilled lizards
  3 rats (D:3)
114 creatures vanquished.

Vanquished Creatures (collateral kills)
  3 foxfires (D:2)
3 creatures vanquished.

Vanquished Creatures (others)
  345 foxfires
  A plant (D:2)
  5 toadstools (D:1)
351 creatures vanquished.

Grand Total: 468 creatures vanquished

Notes
Turn   | Place    | Note
-------+----------+-------------------------------------------
     0 | D:1      | robertstho the Djinni Fire Elementalist began the quest for
                  | the Orb.
     0 | D:1      | Reached XP level 1. HP: 15/15 MP: 0/0
   226 | D:1      | Reached XP level 2. HP: 15/21 MP: 0/0
  1243 | D:2      | Reached skill level 3 in Spellcasting
  1247 | D:2      | Reached skill level 1 in Fighting
  1247 | D:2      | Reached XP level 3. HP: 18/27 MP: 0/0
  1247 | D:2      | Learned a level 1 spell: Pain
  1254 | D:2      | Reached XP level 4. HP: 14/32 MP: 0/0
  1548 | D:2      | Found a faded altar of an unknown god.
  1861 | D:2      | Found a hazy altar of Hepliaklqana.
  2284 | D:3      | Reached XP level 5. HP: 31/37 MP: 0/0
  2284 | D:3      | Learned a level 2 spell: Poisonous Vapours
  2598 | D:3      | Found a glowing drain.
  2602 | Sewer    | Entered a sewer
  2799 | Sewer    | Reached skill level 4 in Spellcasting
  3455 | Sewer    | Noticed a bullfrog
  3458 | Sewer    | Noticed a bullfrog
  3459 | Sewer    | Killed a bullfrog
  3460 | Sewer    | Reached XP level 6. HP: 40/43 MP: 0/0
  3951 | D:3      | Reached skill level 5 in Spellcasting
  4246 | D:4      | Reached XP level 7. HP: 45/49 MP: 0/0
  4246 | D:4      | Learned a level 3 spell: Dazzling Flash
  4650 | D:4      | Found Yhaanloj's Distillery.
  4653 | D:4      | Bought a potion of might for 52 gold pieces
  4653 | D:4      | Bought a potion of heal wounds for 65 gold pieces
  5231 | D:5      | Entered Level 5 of the Dungeon
  5537 | D:5      | Slain by an orc warrior

Illustrated notes

Levels and vault maps discovered:
D:1:      ldierk_walled_garden, layout_loops_ring, corexii_leaking_fountain,
          serial_bayou_lagoon_b
D:2:      layout_rooms, shapermc_ecumenical_altar_rom_forum, basic_altar,
          chequers_serial_rivers_marsh
D:3:      layout_loops_ring, gup_sewer_entry_bowl
D:4:      layout_basic, serial_shops, nicolae_shop_behind_doors
D:5:      minmay_general_purpose_star, layout_rooms, overflow_temple_1_default,
          gammafunk_ghost_hive

Skill      XL: |  1  2  3  4  5  6  7 |
---------------+----------------------+-----
Spellcasting   | 3 4 5 |  5.8
Fighting       | 1 2 3 |  3.1
Stealth        | 2 |  2.0
Dodging        | |  2.2

Action                   |  1- 3 |  4- 6 |  7- 9 || total
-------------------------+-------+-------+-------++-------
Melee: Unarmed           |       |     2 |       ||     2
       Dagger            |       |     1 |     1 ||     2
 Cast: Foxfire           |    46 |   145 |     5 ||   196
       Scorch            |       |    30 |    37 ||    67
       Flame Wave        |       |       |     1 ||     1
  Use: Scroll            |       |       |     3 ||     3
Armor: Robe              |       |     2 |     2 ||     4
Dodge: Dodged            |     2 |    11 |     5 ||    18

Table legend: (Time is in decaauts)
 A = Elapsed time spent in this place.
 B = Non-inter-level travel time spent in this place.
 C = Inter-level travel time spent in this place.
 D = Time resting spent in this place.
 E = Time spent auto-exploring this place.
 F = Levels seen in this place.
 G = Mean time per level.
                   A        B        C        D        E       F      G
               +--------+--------+--------+--------+--------+-----+--------+
         Total |   5536 |   5430 |    106 |      0 |   4830 |   6 |  922.7 |
       Dungeon |   4619 |   4513 |    106 |      0 |   4097 |   5 |  923.8 |
         Sewer |    916 |    916 |      0 |      0 |    733 |   1 |  916.0 |
               +--------+--------+--------+--------+--------+-----+--------+

Top non-repeatable levels by time:
     D:1: 1236 daAuts
     D:3: 1092 daAuts
     D:4: 1046 daAuts
     D:2: 938 daAuts
   Sewer: 916 daAuts
     D:5: 305 daAuts
